Map: [ESL] Site Delta

Players

GunGFuBanDa - Winner!

  • Race: Protoss Protoss
  • Spawn Location: 11:00

AqueroN

  • Race: Terran Terran
  • Spawn Location: 5:00

Event: ESL SC2 Masters 2024 Spring (Regional)

VOD

Have the link to the VOD?

Description

Time

  • Played on: April 21, 2024, 10:56 a.m.
  • Length: 8:05

All games in this series

Show
View Real Time Build Order
Export as new Build Order

GunGFuBanDa Protoss - Winner!

Build Orders: Blink Stalkers 

Get SALT Encoding   

  12  0:00  Probe  
  13  0:12  Probe  
  14  0:17  Pylon  
  14  0:24  Probe  
  15  0:36  Probe (Chrono Boost)  
  15  0:38  Gateway  
  16  0:43  Assimilator  
  16  0:49  Probe (Chrono Boost)  
  17  0:53  Probe (Chrono Boost)  
  18  1:04  Probe  
  19  1:16  Probe  
  20  1:25  Cybernetics Core  
  20  1:31  Probe  
  20  1:32  Zealot  
  23  1:36  Pylon  
  23  1:38  Assimilator  
  24  1:54  Probe  
  24  1:59  Stalker (Chrono Boost)  
  24  2:03  Warp Gate  
  24  2:06  Probe  
  27  2:09  Pylon  
  27  2:18  Probe  
  28  2:23  Stalker  
  30  2:30  Probe  
  30  2:33  Nexus  
  31  2:42  Probe  
  32  2:47  Twilight Council  
  32  2:54  Probe (Chrono Boost)  
  33  3:02  Sentry  
  35  3:07  Probe (Chrono Boost)  
  35  3:09  Pylon  
  36  3:14  Probe (Chrono Boost)  
  37  3:21  Probe (Chrono Boost)  
  37  3:22  Blink (Chrono Boost)  
  37  3:23  Gateway  
  38  3:33  Probe (Chrono Boost)  
  40  3:43  Probe (Chrono Boost)  
  40  3:47  Probe (Chrono Boost)  
  41  3:52  Stalker, Gateway  
  41  3:53  Probe (Chrono Boost)  
  41  3:54  Probe (Chrono Boost)  
  45  3:59  Probe x2 (Chrono Boost)  
  47  4:10  Pylon  
  47  4:12  Probe x2  
  47  4:16  Stalker  
  51  4:24  Stalker, Probe  
  51  4:25  Pylon  
  51  4:31  Probe  
  55  4:37  Nexus  
  55  4:42  Stalker  
  55  4:44  Probe x2  
  59  4:51  Robotics Facility  
  59  5:00  Probe  
  61  5:07  Probe  
  61  5:11  Stalker x3  
  61  5:12  Probe  
  68  5:14  Pylon  
  68  5:17  Charge (Chrono Boost)  
  68  5:19  Assimilator  
  68  5:23  Probe  
  68  5:24  Probe  
  70  5:30  Forge  
  71  5:36  Probe (Chrono Boost)  
  71  5:37  Observer, Probe (Chrono Boost)  
  73  5:45  Gateway  
  73  5:48  Probe (Chrono Boost), Gateway  
  75  5:52  Probe (Chrono Boost)  
  75  5:54  Probe x2 (Chrono Boost)  
  75  5:56  Immortal (Chrono Boost)  
  77  5:59  Probe  
  77  6:00  Protoss Ground Weapons Level 1 (Chrono Boost)  
  77  6:03  Probe  
  81  6:04  Probe  
  81  6:08  Zealot x2  
  81  6:09  Zealot  
  88  6:18  Pylon  
  88  6:21  Pylon  
  88  6:24  Gateway  
  88  6:26  Gateway  
  88  6:28  Gateway  
  88  6:32  Stalker  
  89  6:33  Stalker  
  89  6:39  Probe x2  
  91  6:40  Observer  
  91  6:41  Zealot, Shield Battery  
  94  6:52  Probe  
  95  6:57  Zealot x4  
  105  7:01  Robotics Bay  
  105  7:09  Zealot, Shield Battery  
  105  7:13  Pylon  
  103  7:21  Zealot x6  
  113  7:29  Warp Prism (Chrono Boost)  
  111  7:36  Stalker  
  111  7:37  Stalker  
  111  7:39  Probe  
  98  7:52  Zealot x3  
  104  8:04  Zealot x5  
Show
View Real Time Build Order
Export as new Build Order

AqueroN Terran 

Build Orders: Cyclone Opening 

Get SALT Encoding   

  12  0:00  SCV  
  13  0:12  SCV  
  14  0:17  Supply Depot  
  14  0:24  SCV  
  15  0:30  Refinery  
  15  0:38  SCV  
  16  0:45  Barracks  
  16  0:50  SCV  
  17  1:02  SCV  
  18  1:09  Engineering Bay  
  18  1:15  SCV  
  19  1:34  Marine, Orbital Command  
  20  1:44  Factory  
  20  1:52  Barracks Reactor  
  20  1:56  Supply Depot  
  20  2:00  SCV  
  21  2:12  SCV  
  22  2:24  SCV  
  23  2:32  Command Center  
  23  2:35  Cyclone, Hellion  
  27  2:44  Starport  
  27  2:48  Supply Depot  
  27  2:49  SCV  
  28  2:56  Marine  
  28  2:57  Starport  
  30  2:58  Hellion  
  30  3:01  SCV  
  31  3:06  Refinery  
  31  3:11  Hellion  
  33  3:14  SCV  
  33  3:17  Barracks Tech Lab  
  34  3:25  Hellion  
  34  3:26  SCV  
  37  3:33  Supply Depot  
  37  3:36  Medivac  
  39  3:43  SCV  
  40  3:53  Marine x2  
  43  3:55  SCV  
  43  3:58  Barracks  
  43  4:01  Siege Tank  
  46  4:09  Orbital Command  
  46  4:12  SCV  
  46  4:15  Marine  
  48  4:17  Marine  
  48  4:19  Starport Tech Lab  
  50  4:24  SCV  
  50  4:33  Supply Depot, Marine  
  50  4:35  Marine  
  50  4:37  Siege Tank  
  55  4:39  SCV  
  55  4:41  SCV  
  57  4:48  Banshee  
  57  4:51  SCV  
  57  4:52  Marine  
  62  4:54  Marine  
  62  4:59  SCV  
  64  5:06  Marine  
  55  5:10  SCV, Marine  
  55  5:11  SCV  
  55  5:12  Siege Tank  
  61  5:15  Barracks Tech Lab  
  61  5:17  Supply Depot  
  61  5:22  SCV, Refinery  
  61  5:23  SCV  
  61  5:24  Barracks  
  63  5:29  Marine x2  
  63  5:33  Banshee  
  63  5:34  SCV  
  69  5:36  SCV  
  69  5:37  Supply Depot  
  69  5:42  Marine  
  70  5:46  SCV  
  70  5:48  SCV  
  72  5:50  Marine  
  72  5:52  Siege Tank  
  76  5:58  SCV  
  76  6:00  SCV  
  76  6:04  Barracks Tech Lab  
  76  6:11  SCV  
  77  6:12  SCV, Marine x2  
  77  6:18  Supply Depot, Barracks x2  
  80  6:23  SCV, Marine  
  80  6:24  Stimpack, SCV  
  80  6:25  Combat Shield  
  83  6:26  Starport Reactor  
  83  6:28  Marine  
  83  6:29  Marine  
  83  6:30  Marine  
  86  6:40  SCV x2, Supply Depot x2  
  86  6:43  Marauder  
  86  6:45  Siege Tank  
  93  6:47  Marine x2  
  93  6:54  Marine  
  96  6:56  SCV  
  96  6:57  SCV  
  98  7:06  Refinery, Marine x2  
  98  7:07  Supply Depot x2, Marine  
  101  7:09  Marine  
  102  7:18  Medivac  
  102  7:19  Medivac, Marine x2  
  100  7:26  Marine x2  
  92  7:31  SCV x2  
  92  7:32  Marine x2  
  84  7:37  Marine x2  
  81  7:44  Marine x2  
  81  7:46  Factory Reactor  
Tags
 
Add a new tag
Caveats
  • Supply blocks, unpowered buildings, or Contaminate may cause inaccurate times.
  • Supply counts are checked every 10 seconds.